 Dungeon Sprint DCSS version 0.17.1-1-g73c8601 (webtiles) character file.

430 Ponchio the Blocker (level 6, 0/45 HPs)
             Began as a Gargoyle Fighter on Dec 25, 2015.
             Was an Initiate of Qazlal.
             Slain by Sonja
             ... wielding a +0 short sword of distortion
              (1 damage)
             ... in the Dungeon (Sprint I: "Red Sonja").
             The game lasted 00:06:14 (632 turns).

Ponchio the Blocker (Gargoyle Fighter)               Turns: 632, Time: 00:06:16

Health: 0/45       AC: 12    Str: 24    XL:     6   Next: 99%
Magic:  6/6        EV:  8    Int:  9    God:    Qazlal [......]
Gold:   65         SH: 11    Dex: 11    Spells: 0 memorised, 5 levels left

rFire  . . .     SeeInvis .     f - +8 club
rCold  . . .     Clarity  .     b - +0 scale mail
rNeg   + . .     SustAt   .     c - +0 shield
rPois  ∞         Gourm    .     (no helmet)
rElec  +         Spirit   .     (no cloak)
rCorr  .         Warding  .     (no gloves)
rMut   .         NoTele   +     (no boots)
MR     .....                    (no amulet)
Stlth  ..........               (no ring)
                                j - ring of wizardry

@: mighty, not resistant to hostile enchantments, extremely unstealthy
A: negative energy resistance 1, electricity resistance, unbreathing,
petrification resistance, rot immunity, AC +4
a: Renounce Religion


You were in the Dungeon.
You worshipped Qazlal.
Qazlal was noncommittal.
You were not hungry.

You visited 1 branch You collected 297 gold pieces.
You spent 232 gold pieces at shops.

Inventory:

Hand Weapons
 a - a +0 flail
 f - a +8 club (weapon)
Armour
 b - a +0 scale mail (worn)
 c - a +0 shield (worn)
Jewellery
 j - a ring of wizardry (left hand)
Scrolls
 k - a scroll of blinking
Potions
 h - a potion of haste
 i - 2 potions of magic
Comestibles
 d - 3 chunks of flesh
 e - a bread ration
 g - a meat ration


   Skills:
 + Level 8.5 Fighting
 + Level 7.0 Maces & Flails
 + Level 8.8 Armour
 - Level 0.1 Dodging
 + Level 8.8 Shields


You had 5 spell levels left.
You didn't know any spells.

Dungeon Overview and Level Annotations

Branches:
Dungeon (1/1)

Altars:
Elyvilon
Gozag
Kikubaaqudgha
Makhleb
Nemelex Xobeh
Okawaru
Qazlal
Ru
Sif Muna
Trog
Vehumet
Xom
Yredelemnul
Zin
The Shining One

Shops:
D *

Annotations:
D Sonja


Innate Abilities, Weirdness & Mutations

You are resistant to torment.
Your stone body is resilient (AC +4).
You are immune to poison.
You resist negative energy.
You are resistant to electric shocks.
You can survive without breathing.
You are immune to petrification.
You are immune to rotting.


Message History

Sonja hits you with a short sword of distortion.
Space warps horribly around you!
* * * LOW HITPOINT WARNING * * *
Sonja hits you but does no damage.
You feel a strange sense of stasis. You block Sonja's attack.
Drink which item? (? for menu, Esc to quit)
You feel better.
Sonja gestures wildly while chanting.
Sonja blinks!
Sonja unwields an uncursed short sword of distortion.
Its appearance distorts for a moment.
Sonja wields a blowgun.
Sonja shoots a curare-tipped needle.
The curare-tipped needle completely misses you.
Sonja unwields an uncursed blowgun.
Sonja wields an uncursed short sword of distortion.
Its appearance distorts for a moment.
Sonja hits you but does no damage. Sonja hits you but does no damage.
Space warps horribly around you!
* * * LOW HITPOINT WARNING * * *
Sonja hits you with an uncursed short sword of distortion.
You die...

################
#<.#..)..#..'..#
#..'[.#..').#..+
#..#####'#####'#
#..####..#...#)#
#..#__####..##.#
#..#_..__##'#..+
#⌠⌠#_.∩...'K.._#
####_..._##_@#+#
#_____###(#
####### #.# $.$
#$.$# ##.## #+#


You could see Sonja.

Vanquished Creatures
  Sigmund (D)
  A yak (D)
  An ogre (D)
  Ijyb (D)
  A jelly (D)
5 creatures vanquished.

Vanquished Creatures (others)
  A gargoyle (D)
1 creature vanquished.

Grand Total: 6 creatures vanquished

Notes
Turn   | Place    | Note
--------------------------------------------------------------
     0 | D        | Ponchio the Gargoyle Fighter began the quest for the Orb.
     0 | D        | Reached XP level 1. HP: 14/14 MP: 1/1
     2 | D        | Noticed Ijyb
    16 | D        | Killed Ijyb
    16 | D        | Reached skill level 4 in Fighting
    16 | D        | Reached skill level 5 in Shields
    16 | D        | Reached XP level 2. HP: 18/20 MP: 2/2
    16 | D        | Reached XP level 3. HP: 21/24 MP: 3/3
   123 | D        | Noticed an ogre
   131 | D        | Killed an ogre
   131 | D        | Reached skill level 5 in Fighting
   131 | D        | Reached skill level 6 in Armour
   131 | D        | Reached XP level 4. HP: 2/32 MP: 4/4
   434 | D        | Noticed Sigmund
   446 | D        | Killed Sigmund
   446 | D        | Reached skill level 7 in Fighting
   446 | D        | Reached XP level 5. HP: 29/38 MP: 5/5
   446 | D        | Reached XP level 6. HP: 33/44 MP: 6/6
   546 | D        | Found a deep blue altar of Sif Muna.
   547 | D        | Noticed a jelly
   548 | D        | Found a radiant altar of Vehumet.
   551 | D        | Killed a jelly
   551 | D        | Reached skill level 8 in Armour
   601 | D        | Found Exoeruc's Assorted Antiques.
   601 | D        | Found a white marble altar of Elyvilon.
   601 | D        | Found a stormy altar of Qazlal.
   601 | D        | Found a burning altar of Makhleb.
   601 | D        | Found a sacrificial altar of Ru.
   601 | D        | Found a basalt altar of Yredelemnul.
   601 | D        | Found a glowing golden altar of the Shining One.
   601 | D        | Found a sparkling altar of Nemelex Xobeh.
   601 | D        | Found a shimmering altar of Xom.
   601 | D        | Found an opulent altar of Gozag.
   601 | D        | Found an ancient bone altar of Kikubaaqudgha.
   601 | D        | Found a glowing silver altar of Zin.
   601 | D        | Noticed a yak
   609 | D        | Killed a yak
   610 | D        | Found an iron altar of Okawaru.
   610 | D        | Killed a gargoyle
   613 | D        | Found a bloodstained altar of Trog.
   617 | D        | Bought a shiny marble ring for 145 gold pieces
   617 | D        | Bought a potion of curing for 87 gold pieces
   621 | D        | Became a worshipper of Qazlal Stormbringer
   628 | D        | Noticed Sonja
   632 | D        | HP: 1/45 [Sonja/uncursed short sword of distortion (17)]
   632 | D        | Slain by Sonja

Action                   |  1- 3 |  4- 6 || total
-------------------------+-------+-------++-------
Melee: Flail             |    10 |       ||    10
       Club              |     7 |    21 ||    28
  Use: Potion            |     3 |     2 ||     5
